woodfighter, chaotic female human Rogue -------- |...<..-# ------- #+.....{|########## |*....| #|......|# -----|------- |..._.-# ###-----+--# |...........| ---.---# # # ##### |...........| ## # ### # # # #............| # # # ### ####|...........| q# ####### ### # ## ------------- @ ----.------ # ### ## ###|.........-- ### # ## #-..........| # # % ## |.f.........## ### # ### |..........| # # ### |..........| ### # #####---------- --.........| # -.--------## #.>.......| ----------- ##....(..[.|####|........| |........+# #-.{......| ---------- ---------- woodfighter the Cutpurse Experience level: 4 Strength: 12 Dexterity: 18 Constitution: 15 Intelligence: 11 Wisdom: 11 Charisma: 9 Health: 0(22) Energy: 12(12) Def: 4 Gold: 272 Moves: 1866 Dungeon seed: 9WlrNOg_zMGard6c Game ID: woodfighter_1556219803 Your Inventory: Coins $ - 272 gold pieces Weapons a - a +0 short sword (weapon in hand) b - 11 +0 daggers (in quiver) Armor e - an uncursed burnt +1 leather armor (being worn) z - an uncursed +0 orcish helm (being worn) N - an uncursed +0 pair of speed boots (being worn) Comestibles i - an uncursed lembas wafer p - 3 uncursed food rations X - an uncursed sprig of wolfsbane Z - an uncursed eucalyptus leaf Potions d - an uncursed potion of gain ability Rings A - a cursed ring of hunger Wands f - a wand of slow monster (0:6) G - a wand of magic missile (0:3) Tools c - an uncursed towel w - an uncursed magic whistle y - an uncursed lock pick W - an uncursed blindfold Gems n - 2 uncursed worthless pieces of black glass Spells and supernatural/magical abilities: Name Level Category Fail Memory W - pray for help -- divine ? -- Your skills at the end: Miscellaneous Skills wands [Basic] Weapon Skills dagger [Basic] short sword [Basic] Spellcasting Skills Final Attributes: You were piously aligned. Your writing hand was ok. You were very stealthy. You were very fast. You are dead. Vanquished creatures: 2 rock piercers 2 iguanas a rothe 3 acid blobs a large kobold 4 geckos a hobgoblin 2 giant rats a brown mold a yellow mold a red mold a gnome zombie 9 jackals 7 newts 2 goblins 2 grid bugs 2 bats 3 lichens 45 creatures vanquished. Voluntary challenges: You did not adorn yourself with jewelry or accessories. You did not cause conflict. You were not invisible. You did not have reflection. You were not displaced. You used a wielded weapon 57 times, starting on turn 1. You did not apply a unicorn horn. You did not use plumbed fixtures. You did not drink any magical draughts. You were illiterate. You never genocided any monsters. You never polymorphed an object. You never changed form. You used no wishes. You never split a pudding. You never wrote Elbereth's name. You never violated your personal moral code. Dungeon overview: The Dungeons of Doom: levels 1 to 6 Level 1 a fountain a long staircase Level 2 Level 3 some altars to Mog and Kos, a fountain Level 4 an altar to Kos stairs to The Gnomish Mines Level 5 <- You were here an altar to Issek, some fountains Level 6 The Gnomish Mines: Level 5 stairs to The Dungeons of Doom History has recorded: On T:1 you entered the Dungeons of Doom to retrieve the Amulet of Yendor! On T:38 you reached level 2 of The Dungeons of Doom. On T:841 you reached level 3 of The Dungeons of Doom. On T:947 you reached level 4 of The Dungeons of Doom. On T:1106 you advanced to experience level 2. On T:1341 you advanced to experience level 3. On T:1353 you reached level 5 of The Dungeons of Doom. On T:1390 you reached level 1 of The Gnomish Mines. On T:1669 you advanced to experience level 4. On T:1688 you reached level 6 of The Dungeons of Doom. Score breakdown: Gold: 272 ( 27 points) Experience: 4 levels ( 300 points) Exploration: 6 levels ( 150 points) Discoveries: 9 items ( 450 points) Variety of kills: 18 monsters ( 900 points) Major goal: (nothing yet) ( 0 points) Survival: died (score multiplied by 3) Total score: 5481 Latest messages: Nowhere else around here can be automatically explored. Where do you want to travel to? You displace kitty. You finish searching. This door is locked. You see no door there. Nowhere else around here can be automatically explored. You succeed in picking the lock. The door opens. You stop exploring. The rothe claws you! The rothe bites! (2x) The magic missile hits the rothe! You kill the rothe! You see here a rothe corpse. This rothe corpse tastes terrible! You finish eating the rothe corpse. You stop exploring. The rothe claws you! The rothe bites! (2x) You die... Final status: Goodbye woodfighter the Rogue, killed by a rothe... You died in The Dungeons of Doom on dungeon level 5 with 5481 points, and 272 pieces of gold, after 1866 moves. You were level 4 with a maximum of 22 hit points when you died.